 Dungeon Crawl Stone Soup version 0.31.0-9-g3a7656b989 (webtiles) character file.

Game seed: 11734066426619052812

39 qw the Shooter (level 3, 0/18 HPs)
             Began as a Spriggan Hunter on Feb 2, 2024.
             Slain by a gnoll
             ... wielding a +0 whip
              (4 damage)
             ... on level 2 of the Dungeon.
             The game lasted 00:00:02 (828 turns).

qw the Shooter (Spriggan Hunter)                     Turns: 828, Time: 00:00:03

Health: 0/18       AC:  4    Str:  7    XL:     3   Next: 28%
Magic:  4/4        EV: 19    Int: 10    God:
Gold:   69         SH:  0    Dex: 20    Spells: 2/2 levels left

rFire   . . .        a - +0 shortbow
rCold   . . .        (shield currently unavailable)
rNeg    . . .        c - +0 robe
rPois   .            d - +2 hat
rElec   .            (no cloak)
rCorr   .            (gloves unavailable)
SInv    +            (boots unavailable)
Will    .....        (no amulet)
Stlth   ++           (no ring)
HPRegen 0.23/turn    (no ring)
MPRegen 0.09/turn

%: no passive effects
@: very quick
A: very small, no large weapons, unfitting armour, see invisible, speed 3
a: no special abilities


You were on level 2 of the Dungeon.
You visited 1 branch of the dungeon, and saw 2 of its levels.

You collected 69 gold pieces.


Innate Abilities, Weirdness & Mutations

You are very small and have problems with some larger weapons.
You are too small for most types of armour.
You have supernaturally acute eyesight. (SInv)
You cover ground extremely quickly. (Speed+++)


   Skills:
 - Level 1.5 Fighting
 + Level 4.6 Ranged Weapons
 - Level 4.0 Dodging
 - Level 1.5 Stealth


You had 2 spell levels left.
You didn't know any spells.
Your spell library was empty.

Inventory:

Hand Weapons
 a - a +0 shortbow (weapon)
Armour
 c - a +0 robe (worn)
 d - a +2 hat (worn)
Scrolls
 b - a scroll of identify

Dungeon Overview and Level Annotations

Branches:
Dungeon (2/15)

Altars:


Message History

You shoot an arrow. The arrow hits the gnoll.
The gnoll is moderately wounded.
The gnoll completely misses you.
A rat comes into view.
You shoot an arrow. The rat squeaks loudly.
The arrow hits the gnoll.
The gnoll is heavily wounded.
You hear a shout!
The gnoll hits you from afar with a +0 spear.
You shoot an arrow. The arrow closely misses the gnoll.
The arrow barely misses the gnoll.
The gnoll hits you from afar with a +0 spear.
The gnoll barely misses you.
You shoot an arrow. The arrow hits the gnoll.
The gnoll is lightly wounded.
You hear a shout!
The gnoll closely misses you. The gnoll completely misses you.
You shoot an arrow. The arrow barely misses the gnoll.
The gnoll hits you with a +0 whip.
The gnoll hits you from afar with a +0 spear.
You shoot an arrow. The arrow closely misses the gnoll.
The arrow hits the rat.
You kill the rat!
The gnoll hits you from afar with a +0 spear.
The gnoll closely misses you.
818 ||| RETREEEEATING.
The gnoll attacks as it pursues you!
The gnoll hits you from afar with a +0 spear.
819 ||| RETREEEEATING.
820 ||| FLEEEEING.
821 ||| FLEEEEING.
822 ||| FLEEEEING.
823 ||| FLEEEEING.
824 ||| FLEEEEING.
You start resting.
A gnoll is nearby!
You shoot an arrow. The arrow hits the gnoll.
The gnoll is severely wounded.
The gnoll hits you with a +0 whip.
You die...

### #### #.. ...
##.# #.# ..#####.#
#.##..>.#
####.#.g.#.#
#.g....#@#.#####.#
#.##........<....#
#.##.#############
#..g)..# #.......#
..........#
.#........... ..
#.#########g . ..
..


You could see a gnoll.

Vanquished Creatures
  A gnoll (D:2)
  3 ball pythons (D:1)
  3 bats (D:1)
  2 endoplasms
  A giant cockroach (D:1)
  3 goblins (D:1)
  5 hobgoblins (D:1)
  3 quokkas (D:1)
  2 frilled lizards (D:1)
  2 kobolds (D:1)
  2 rats
27 creatures vanquished.

Notes
Turn   | Place    | Note
-------+----------+-------------------------------------------
     0 | D:1      | qw the Spriggan Hunter began the quest for the Orb.
     0 | D:1      | Reached XP level 1. HP: 10/10 MP: 2/2
     0 | D:1      | 0 ||| qw: Version: 0.3-a-155-g5e7d8dd
     0 | D:1      | 0 ||| qw: Game counter: 542
     0 | D:1      | 0 ||| qw: Melee chars always use a shield: true
     0 | D:1      | 0 ||| qw: God list: Okawaru
     0 | D:1      | 0 ||| qw: Allow faded altars: false
     0 | D:1      | 0 ||| qw: Do Orc after clearing Dungeon:15 true
     0 | D:1      | 0 ||| qw: Do second Lair branch before Depths: true
     0 | D:1      | 0 ||| qw: Lair rune preference: random
     0 | D:1      | 0 ||| qw: Goals: Normal
     0 | D:1      | 0 ||| PLANNING D:1-11
    38 | D:1      | Reached skill level 3 in Dodging
   132 | D:1      | Reached XP level 2. HP: 14/14 MP: 3/3
   757 | D:1      | 757 ||| UPGRADING to +2 hat.
   762 | D:1      | 762 ||| DROPPING ring of magical power.
   763 | D:1      | 763 ||| READING 2 scrolls labelled LAOPOACSEPS.
   763 | D:1      | 763 ||| IDENTIFYING cyan potion
   764 | D:1      | 764 ||| READING scroll of identify.
   764 | D:1      | 764 ||| IDENTIFYING scroll labelled CYROYH UNYASAU
   765 | D:1      | 765 ||| READING scroll labelled MEPPOF REI.
   769 | D:1      | 769 ||| DROPPING scroll of butterflies.
   770 | D:1      | 770 ||| DROPPING scroll of blinking.
   771 | D:1      | 771 ||| DROPPING potion of berserk rage.
   787 | D:2      | Reached XP level 3. HP: 18/18 MP: 4/4
   797 | D:2      | 797 ||| RETREEEEATING.
   807 | D:2      | 807 ||| RETREEEEATING.
   817 | D:2      | HP: 4/18 [gnoll/+0 spear (2)]
   818 | D:2      | 818 ||| RETREEEEATING.
   819 | D:2      | 819 ||| RETREEEEATING.
   820 | D:2      | 820 ||| FLEEEEING.
   821 | D:2      | 821 ||| FLEEEEING.
   822 | D:2      | 822 ||| FLEEEEING.
   823 | D:2      | 823 ||| FLEEEEING.
   824 | D:2      | 824 ||| FLEEEEING.
   828 | D:2      | Slain by a gnoll

Levels and vault maps discovered:
D:1:      lightli_arrival_farm, layout_loops_ring, minivault_11, minmay_ruptured
D:2:      layout_loops_cross, hellmonk_ecumenical_altar_inner_sanctum,
          wander_ebering_terrifying_dragon_lair

Skill      XL: |  1  2 |
---------------+-------+-----
Dodging        | 3 4 |  4.0
Fighting       | |  1.5
Ranged Weapons | |  4.6
Stealth        | |  1.5

Action                     || total
---------------------------++-------
   Fire: Shortbow          ||    68
    Use: Scroll            ||     3
 Armour: Robe              ||    11
  Dodge: Dodged            ||    23

Table legend:
 A = Non-vault XP
 B = Vault XP
 C = Vault XP percentage of total XP
 D = Non-vault monster count
 E = Vault monster count
 F = Vault count percentage of total count
                 A         B        C        D         E       F
            +---------+---------+-------+---------+---------+-------
      Total |      54 |       3 |   5.3 |      25 |       2 |   7.4
            +---------+---------+-------+---------+---------+-------
        D:1 |      37 |       3 |   7.5 |      22 |       2 |   8.3
        D:2 |      17 |       0 |   0.0 |       3 |       0 |   0.0
            +---------+---------+-------+---------+---------+-------
